 Dungeon Crawl Stone Soup version 0.31.0-9-g3a7656b989 (webtiles) character file.

Game seed: 1349106876189786087

112 qw the Shooter (level 4, 0/23 HPs)
             Began as a Spriggan Hunter on Feb 2, 2024.
             Slain by Robin
             ... wielding a +0 club
              (2 damage)
             ... on level 3 of the Dungeon.
             The game lasted 00:00:06 (1845 turns).

qw the Shooter (Spriggan Hunter)                    Turns: 1845, Time: 00:00:07

Health: 0/23       AC:  2    Str:  7    XL:     4   Next: 63%
Magic:  5/5        EV: 20    Int: 10    God:
Gold:   179        SH:  0    Dex: 20    Spells: 3/3 levels left

rFire   + . .        a - +0 shortbow
rCold   . . .        (shield currently unavailable)
rNeg    . . .        c - +0 robe
rPois   .            (helmet restricted)
rElec   .            (no cloak)
rCorr   .            (gloves unavailable)
SInv    +            (boots unavailable)
Will    .....        g - amulet of regeneration
Stlth   ++           e - ring of protection from fire
HPRegen 1.03/turn    (no ring)
MPRegen 0.09/turn

%: no passive effects
@: very quick
A: very small, no large weapons, unfitting armour, see invisible, speed 3
a: no special abilities


You were on level 3 of the Dungeon.
You visited 1 branch of the dungeon, and saw 3 of its levels.

You collected 179 gold pieces.


Innate Abilities, Weirdness & Mutations

You are very small and have problems with some larger weapons.
You are too small for most types of armour.
You have supernaturally acute eyesight. (SInv)
You cover ground extremely quickly. (Speed+++)


   Skills:
 + Level 1.9 Fighting
 - Level 5.0 Ranged Weapons
 - Level 5.0 Dodging
 - Level 1.5 Stealth


You had 3 spell levels left.
You didn't know any spells.
Your spell library was empty.

Inventory:

Hand Weapons
 a - a +0 shortbow (weapon)
Armour
 c - a +0 robe (worn)
Jewellery
 e - a ring of protection from fire (left hand)
 g - an amulet of regeneration (around neck)
 i - a ring of ice
Scrolls
 b - a scroll of teleportation {unknown}
 f - a scroll of identify
Potions
 d - a potion of haste
 k - a potion of degeneration {unknown}

Dungeon Overview and Level Annotations

Branches:
Dungeon (3/15)

Altars:

Annotations:
D:3 Robin


Message History

You shoot an arrow. The arrow closely misses the goblin.
The goblin misses you. The goblin hits you with a +0 club.
You shoot an arrow. The arrow hits the goblin.
You kill the goblin!
The goblin misses you.
The hobgoblin hits you but does no damage.
Robin throws the goblin at you! The hobgoblin closely misses you.
The goblin misses you.
You shoot an arrow. The arrow hits the goblin!
You kill the goblin!
The goblin misses you. x2; The hobgoblin completely misses you.
The goblin hits you with a +0 club. The hobgoblin closely misses you.
You shoot an arrow.
The arrow hits the goblin but does no damage.
The goblin closely misses you. The goblin barely misses you.
The hobgoblin completely misses you. The goblin barely misses you.
Robin flexes a bicep menacingly.
Robin roars a battlecry!
The goblin goes into a battle-frenzy!
The hobgoblin hits you. The goblin hits you with a +0 club.
You shoot an arrow. The arrow hits the goblin!
You kill the goblin!
The goblin barely misses you. The hobgoblin completely misses you.
The goblin hits you with a +0 dagger.
Robin flexes a bicep menacingly.
The hobgoblin closely misses you. The goblin barely misses you.
You shoot an arrow. The arrow hits Robin.
Robin is lightly wounded.
The goblin closely misses you. The hobgoblin misses you.
Robin closely misses you. The hobgoblin completely misses you.
The goblin barely misses you.
You shoot an arrow. The arrow hits the hobgoblin.
You kill the hobgoblin!
The goblin hits you with a +0 club. The goblin hits you with a +0 dagger.
Robin hits you with a +0 club. The hobgoblin misses you. x2
The goblin closely misses you. The goblin barely misses you.
The goblin closely misses you. The hobgoblin hits you.
The goblin hits you with a +0 club. Robin hits you with a +0 club.
You die...
Robin says, "And that's why I'm the boss."

####### ### ......# ..
##......# #.##........
##.##..<.....
#...%gg$.#.#. ...>
#...g@g.).... .#...
#...g%g..#.#. .....
#............ .#...#
#####...#....#.#.
.....#.#.......#........
.##..#.#...#...#....#.#.
...............#.#......
...............#.#....##
...............#.######


You could see Robin, 2 hobgoblins and 3 goblins.

Vanquished Creatures
  A gnoll (D:1)
  2 adders (D:2)
  3 dart slugs (D:2)
  5 ribbon worms
  3 ball pythons
  2 endoplasms (D:1)
  2 giant cockroaches
  9 goblins
  7 hobgoblins
  4 jackals
  7 kobolds
  6 quokkas
  7 bats
  2 frilled lizards
  4 rats
64 creatures vanquished.

Notes
Turn   | Place    | Note
-------+----------+-------------------------------------------
     0 | D:1      | qw the Spriggan Hunter began the quest for the Orb.
     0 | D:1      | Reached XP level 1. HP: 10/10 MP: 2/2
     0 | D:1      | 0 ||| qw: Version: 0.3-a-155-g5e7d8dd
     0 | D:1      | 0 ||| qw: Game counter: 2286
     0 | D:1      | 0 ||| qw: Melee chars always use a shield: true
     0 | D:1      | 0 ||| qw: God list: Okawaru
     0 | D:1      | 0 ||| qw: Allow faded altars: false
     0 | D:1      | 0 ||| qw: Do Orc after clearing Dungeon:15 true
     0 | D:1      | 0 ||| qw: Do second Lair branch before Depths: true
     0 | D:1      | 0 ||| qw: Lair rune preference: random
     0 | D:1      | 0 ||| qw: Goals: Normal
     0 | D:1      | 0 ||| PLANNING D:1-11
    72 | D:1      | Reached skill level 3 in Dodging
   307 | D:1      | Reached XP level 2. HP: 14/14 MP: 3/3
   539 | D:1      | Reached XP level 3. HP: 18/18 MP: 4/4
   671 | D:1      | Found a faded altar of an unknown god.
   982 | D:1      | 982 ||| UPGRADING to amulet of regeneration.
   987 | D:1      | 987 ||| UPGRADING to ring of protection from fire.
   988 | D:1      | 988 ||| READING 2 scrolls labelled MEREKI MEIPLOK.
   988 | D:1      | 988 ||| IDENTIFYING scroll labelled MUIPHI LOURRIDGH
   989 | D:1      | 989 ||| READING scroll of identify.
   989 | D:1      | 989 ||| IDENTIFYING scroll labelled APHIERR LOAPS
   990 | D:1      | 990 ||| DROPPING scroll of butterflies.
   991 | D:1      | 991 ||| DROPPING scroll of immolation.
   992 | D:1      | 992 ||| DROPPING scroll of poison.
  1427 | D:2      | Reached XP level 4. HP: 22/22 MP: 5/5
  1764 | D:2      | 1764 ||| READING scroll of identify.
  1764 | D:2      | 1764 ||| IDENTIFYING yellow potion
  1765 | D:2      | 1765 ||| READING scroll labelled VIOH PULOVE.
  1766 | D:2      | 1766 ||| DRINKING 2 black potions.
  1767 | D:2      | 1767 ||| DRINKING 2 brown potions.
  1768 | D:2      | 1768 ||| DRINKING potion of curing.
  1768 | D:2      | 1768 ||| (to cure confusion)
  1769 | D:2      | 1769 ||| DROPPING potion of ambrosia.
  1833 | D:3      | Noticed Robin
  1845 | D:3      | HP: 5/23 [hobgoblin[Robin] (1)]
  1845 | D:3      | HP: 2/23 [goblin/+0 club[Robin] (3)]
  1845 | D:3      | Slain by Robin

Levels and vault maps discovered:
D:1:      onia_arrival_pentagram, layout_basic,
          shapermc_ecumenical_altar_hornbeckon, patterned_corridor
D:2:      kennysheep_six_static_rooms, layout_loops_ring,
          mrwooster_statue_mirror
D:3:      layout_rooms, lemuel_crystal_altar, serial_co_window_serial,
          co_window_corner_a, co_window_corner_a, co_window_paths_a,
          co_window_corner_a, co_window_paths_b, co_window_broadway_a,
          co_window_corner_cb, co_window_cross_4, co_window_4corner_a,
          glass_columns_a, glass_columns_a, glass_columns_c, glass_columns_a,
          serial_shops, nicolae_shop_rolled_up, nicolae_half_adder, uniq_robin

Skill      XL: |  1  2  3  4 |
---------------+-------------+-----
Dodging        | 3 4 5 |  5.0
Ranged Weapons | 5 |  5.0
Fighting       | |  1.9
Stealth        | |  1.5

Action                     |  1- 3 |  4- 6 || total
---------------------------+-------+-------++-------
   Fire: Shortbow          |   118 |    66 ||   184
    Use: Scroll            |     2 |     2 ||     4
         Potion            |       |     3 ||     3
 Armour: Robe              |     8 |    17 ||    25
  Dodge: Dodged            |    37 |    43 ||    80

Table legend:
 A = Non-vault XP
 B = Vault XP
 C = Vault XP percentage of total XP
 D = Non-vault monster count
 E = Vault monster count
 F = Vault count percentage of total count
                 A         B        C        D         E       F
            +---------+---------+-------+---------+---------+-------
      Total |     123 |      39 |  24.1 |      51 |      13 |  20.3
            +---------+---------+-------+---------+---------+-------
        D:1 |      57 |       0 |   0.0 |      27 |       0 |   0.0
        D:2 |      53 |      25 |  32.1 |      18 |       6 |  25.0
        D:3 |      13 |      14 |  51.9 |       6 |       7 |  53.8
            +---------+---------+-------+---------+---------+-------
